AoeStats
← GDL Checock10

Nomad

508464087Analyzed
4v4 RM · 9d ago on Sep 22, 2026· 27m 32s· 8 players
Game mode
Random Map
Map size
231×231
Population
200
Speed
Normal
Resources
Standard
Victory
Conquest
Starting age
Dark Age
Ending age
Imperial Age
RankedLock teamsTeams togetherTeam positionsShared explorationLock speedFull tech treeHidden civsTurbo modeCheats
Victory
Defeat
🇨🇴 Danes · Colombia
1593
+12
🇲🇽 Varangians · Mexico
1537
+14
🇲🇽 Saxons · Mexico
1479
+16
🇲🇽 Varangians · Mexico
1355
+20
🇹🇼 Varangians · Taiwan
1520
-17
🇻🇳 Saxons · Vietnam
1474
-15
🇪🇸 Wu · Spain
1474
-15
🇲🇽 Magyars · Mexico
1468
-15
robecha18
4:59 Loom
13:38 Feudal Age
14:22 Double-Bit Axe
15:13 Fishing Lines
18:09 Gold Mining
20:25 Castle Age
25:03 Bloodlines
25:09 Fletching
25:45 Scale Barding Armor
歐吉桑
13:44 Feudal Age
17:31 Castle Age
16:04 Double-Bit Axe
18:30 Horse Collar
19:02 Bow Saw
21:24 Loom
Valodimer
14:49 Feudal Age
15:31 Double-Bit Axe
21:01 Castle Age
19:04 Stone Mining
20:21 Fletching
23:30 Bodkin Arrow
26:13 Ballistics
Sauron_ator
11:00 Loom
16:32 Feudal Age
17:17 Gold Mining
17:13 Double-Bit Axe
20:01 Castle Age
18:16 Scale Mail Armor
18:27 Forging
20:35 Arson
20:51 Squires
21:07 Chain Mail Armor
[GDL]Cucumber
5:33 Loom
14:12 Feudal Age
14:58 Double-Bit Axe
16:00 Fletching
20:34 Castle Age
21:36 Medium Warships
21:23 Bodkin Arrow
23:05 Wheelbarrow
24:54 Scale Barding Armor
26:58 Chain Barding Armor
27:08 Bloodlines
26:58 Husbandry
27:19 Hand Cart
GDL Checock10
5:13 Loom
13:06 Feudal Age
13:43 Double-Bit Axe
16:51 Forging
21:00 Castle Age
19:11 Gold Mining
20:58 Town Watch
21:54 Medium Warships
22:48 Iron Casting
22:19 Scale Barding Armor
23:15 Scale Mail Armor
24:49 Fletching
26:57 Horse Collar
28:08 Scale Barding Armor
[GDL] Capitan Nicky
6:54 Loom
14:34 Feudal Age
18:06 Castle Age
15:57 Double-Bit Axe
16:27 Forging
16:47 Scale Mail Armor
17:11 Arson
19:30 Iron Casting
19:29 Squires
19:24 Gold Mining
22:42 Town Watch
24:41 Fishing Lines
27:20 Chain Mail Armor
[GDL] MancazoPaTodo!
4:23 Loom
13:59 Feudal Age
17:55 Castle Age
15:55 Double-Bit Axe
17:32 Scale Mail Armor
17:54 Fishing Lines
19:33 Bow Saw
19:58 Forging
20:22 Gambesons
20:38 Squires
24:17 Gillnets
25:20 Chain Mail Armor
26:49 Iron Casting
26:56 Arson
27:38 Gold Mining
Connection lost

Rejoining the realm…

Still unreachable

The connection could not be restored.

Session expired

The server has moved on; the page needs a fresh start.